 Dungeon Crawl Stone Soup version 0.31-a0-1581-g41d5ff3e7b (webtiles) character file.

Game seed: 4129182747372902800

69762 Gargoyl the Severer (level 15, -5/80 HPs)
             Began as a Gargoyle Berserker on Jan 5, 2024.
             Was an Elder of Trog.
             Slain by a brown very ugly thing (10 damage)
             ... on level 13 of the Dungeon.
             The game lasted 00:25:00 (16863 turns).

Gargoyl the Severer (Gargoyle Berserker)           Turns: 16863, Time: 00:25:01

Health: -5/80      AC: 26    Str: 21      XL:     15   Next: 31%
Magic:  15/15      EV: 15    Int:  7      God:    Trog [****..]
Gold:   1282       SH: 11    Dex: 13 (14) Spells: 14/14 levels left

rFire   + . .        O - +3 broad axe (flame)
rCold   + . .        A - +0 kite shield
rNeg    + . .        Q - +0 chain mail {rF+}
rPois   ∞            C - +2 hat {Will+}
rElec   +            d - +2 cloak
rCorr   .            t - +0 pair of gloves
SInv    .            (no boots)
Will    +++++        K - amulet of regeneration Stlth
                     R - ring "Xucw" {^Contam +Blink rC+ Will+ Dex+3}
HPRegen 2.13/turn    w - +5 ring of evasion
MPRegen 0.14/turn

%: no passive effects
@: strong-willed, corroded, on berserk cooldown, flying, regenerating, slowed,
very slow
A: sickness immunity, AC +11, big wings, negative energy resistance 1,
electricity resistance, torment resistance 1, petrification resistance,
screaming 1, devolution 1, [clumsy 2], [deterioration 1], [frail 2], [weak 1],
[inability to drink after injury 2]
a: Renounce Religion, Evoke Blink, Berserk, Trog's Hand, Brothers in Arms


You were on level 13 of the Dungeon.
You worshipped Trog.
Trog was greatly pleased with you.
You visited 2 branches of the dungeon, and saw 18 of its levels.
You visited the Abyss 1 time.
You also visited: Volcano.

You collected 1282 gold pieces.

Inventory:

Hand Weapons
 a - a +5 hand axe
 I - a +1 hand cannon of flaming
 N - a +2 vampiric broad axe
 O - a +3 broad axe of flaming (weapon)
Missiles
 i - 16 poisoned darts
 y - 3 curare-tipped darts (quivered)
Armour
 d - a +2 cloak (worn)
 t - a +0 pair of gloves (worn)
 A - a +0 kite shield (worn)
 C - a +2 hat of willpower (worn)
 Q - a +0 chain mail of fire resistance (worn)
Jewellery
 n - a +5 ring of evasion
 w - a +5 ring of evasion (right hand)
 B - a +5 ring of evasion
 K - an amulet of regeneration (around neck)
 R - the ring "Xucw" (left hand) {^Contam +Blink rC+ Will+ Dex+3}
   (You found it on level 13 of the Dungeon)

   [ring of protection from cold]

   Dex+3:     It affects your dexterity (+3).
   rC+:       It protects you from cold.
   Will+:     It increases your willpower.
   +Blink:    It lets you blink.
   ^Contam:   It causes magical contamination when unequipped.
Wands
 g - a wand of mindburst (11)
 s - a wand of digging (3)
 E - a wand of iceblast (15)
 H - a wand of flame (22)
 M - a wand of paralysis (2)
Scrolls
 b - 4 scrolls of fog
 h - a scroll of enchant armour
 j - a scroll of summoning
 k - 5 scrolls of teleportation
 q - 3 scrolls of blinking
 u - a scroll of vulnerability
 v - 2 scrolls of immolation
 F - 2 scrolls of revelation
 P - 2 scrolls of fear
Potions
 e - 7 potions of curing
 f - 7 potions of haste
 l - 5 potions of lignification
 m - 3 potions of resistance
 o - a potion of enlightenment
 p - 6 potions of might
 r - a potion of ambrosia
 x - 2 potions of invisibility
 z - 7 potions of cancellation
 D - 2 potions of mutation
 L - 2 potions of attraction


   Skills:
 + Level 13.8 Fighting
 + Level 16.5(16.6) Axes
 + Level 2.1(11.0) Polearms
 + Level 1.0 Ranged Weapons
 + Level 0.3 Throwing
 + Level 11.3 Armour
 + Level 6.6 Dodging
 + Level 2.9 Stealth
 + Level 9.9 Shields


You had 14 spell levels left.
You didn't know any spells.
Your spell library was empty.

Dungeon Overview and Level Annotations

Branches:
Dungeon (13/15)            Temple (0/1) D:7            Lair (5/5) D:10
  Swamp (0/4) Lair:3        Snake (0/4) Lair:2        Slime (0/5) Lair:4
    Orc (0/2) D:12         Vaults (0/5) D:13        Volcano (visited)

Altars:
Ashenzari
Cheibriados
Elyvilon
Fedhas
Gozag
Makhleb
Nemelex Xobeh
Okawaru
Trog
Vehumet
Xom
Jiyva

Shops:
D:2 !

Portals:
Abyss: D:13

Annotations:
D:13 1 transporter


Innate Abilities, Weirdness & Mutations

You are immune to sickness and miasma.
Your stone body is resilient. (AC +11)
You are immune to poison.
Your large and strong wings let you fly.
You resist negative energy. (rN+)
You are resistant to electric shocks. (rElec)
You are resistant to unholy torment.
You are immune to petrification.
You occasionally shout uncontrollably at your foes.
You have hidden genetic defects.
[You are very clumsy. (Dex -4)]
[Your body sometimes deteriorates upon taking damage.]
[You are very frail. (-20% HP)]
[You are weak. (Str -2)]
[You sometimes lose the ability to drink potions when taking damage.]


Message History

Welcome back to the Dungeon!
Level annotation: 1 transporter The brown very ugly thing engulfs you but does no damage.
Your skin crawls.
You feel strong-willed. Trog will no longer gift you weapons.
You block the brown very ugly thing's attack.
You block the deep elf knight's attack.
You block the cyan very ugly thing's attack.
You fail to use your ability.
You block the brown very ugly thing's attack.
The deep elf knight points at you and mumbles some strange words.
You block the shard of ice.
The cyan very ugly thing kicks you but does no damage.
The brown very ugly thing engulfs you. The acid corrodes you!
You are splashed with acid!
The deep elf knight gestures wildly while chanting.
The deep elf knight seems to speed up.
The deep elf knight blocks your attack.
You hit the brown very ugly thing but do no damage.
You hit the cyan very ugly thing. You burn the cyan very ugly thing.
The deep elf knight barely misses you.
The cyan very ugly thing closely misses you.
You block the brown very ugly thing's attack.
The deep elf knight hits you with a +1 long sword of distortion.
Space warps horribly around you. The cyan very ugly thing kicks you!
Your body deteriorates!
You feel clumsy. The cyan very ugly thing shocks you! You resist.
You closely miss the deep elf knight.
You closely miss the cyan very ugly thing.
You hit the brown very ugly thing. You burn the brown very ugly thing.
The deep elf knight completely misses you.
The brown very ugly thing misses you. The cyan very ugly thing kicks you.
The cyan very ugly thing shocks you! You resist.
The deep elf knight hits you with a +1 long sword of distortion.
* * * LOW HITPOINT WARNING * * *
Space warps horribly around you!
* * * LOW HITPOINT WARNING * * *
The brown very ugly thing engulfs you!
You die...

#.....#..###...###u##..#. #####
#.....##.: ##..# #..#.... ....#
#.#....#.u∩ ####.#.##..## ###.#
#.....##e.#..... .##...## ###.#
###..##....##.##.##......
.##.#######..#h$###x?.##©#.....#.
.##..........##.##.###...###...##
.....#####....###u##©### ..##....
.......###....##@.#....##...#..##
#.......##...##ue.###...##..#..##
#.#..#..##...#..###^##..##.##..##
.............##.©T$..#..#..#.....
....#.#.###...####..##..##x#...#.
#.#.#)#.##.......####....###.....
..#.#.#...........##......©......
###.#.#####....................#.
###.#.# #....................#.


You could see 2 very ugly things, a deep elf knight (fast) and a worldbinder
(wandering).

Vanquished Creatures
  Jorgrun (D:13)
  Gastronok (Lair:1)
  4 tentacled starspawn (Abyss:2)
  Nessos (D:12)
  The ghost of Ecraohen the Warrior, a journeyman FoFi of Okawaru (D:13)
  Erolcha (D:13)
  A yaktaur captain (D:13)
  4 hydras
  A great orb of eyes (D:13)
  2 centaur warriors
  A merfolk avatar (Lair:5)
  2 two-headed ogres
  A boulder beetle (Lair:5)
  Urug (Lair:4)
  A thrashing horror (Abyss:2)
  Sonja (D:11)
  A hell knight (Volcano)
  A wretched star (Abyss:2)
  5 skysharks
  The ghost of peterlawrence the Basher, a novice MiFi (D:6)
  3 harpies (Lair:5)
  A lindwurm (Lair:4)
  A deep elf pyromancer (D:13)
  4 manticores
  An ugly thing (D:13)
  A cyclops (D:12)
  12 elephants
  2 black mambas (Lair:4)
  4 large abominations (Abyss:2)
  11 cane toads
  A smoke demon (Abyss:2)
  6 komodo dragons
  3 yaktaurs
  3 rime drakes
  2 unseen horrors
  A tyrant leech (Lair:3)
  3 polar bears
  A red devil (D:13)
  4 trolls
  3 hornets
  16 blink frogs
  A raiju (D:13)
  4 dream sheep (Lair:3)
  2 slime creatures (D:12)
  Sigmund (D:3)
  A shadow (D:12)
  7 wyverns
  37 yaks
  A wraith (D:9)
  A fire elemental (D:13)
  2 steam dragons (Lair:5)
  7 basilisks
  A chaos spawn (Abyss:2)
  11 vampire mosquitoes
  2 neqoxecs (Abyss:2)
  A swamp worm (Lair:3)
  9 water moccasins
  3 small abominations (Abyss:2)
  2 nagas (Lair:2)
  5 hell hounds (Abyss:2)
  2 ice beasts (D:6)
  3 orc warriors
  A sky beast (D:8)
  2 black bears
  3 ogres
  9 centaurs
  11 wolves
  4 phantoms
  2 kobold brigands
  2 weeping skulls (Abyss:2)
  8 bullfrogs
  2 gnoll sergeants
  A scorpion (D:5)
  8 wights
  3 troll zombies (D:12)
  18 killer bees
  2 howler monkeys
  A bombardier beetle (D:3)
  A lava snake (D:13)
  2 jellies
  3 orc priests
  8 hounds
  3 iron imps (Abyss:2)
  A water moccasin simulacrum (D:6)
  4 iguanas
  A sleepcap (D:5)
  7 orc wizards
  A centaur simulacrum (D:6)
  5 ogre zombies (D:12)
  12 gnolls
  8 adders
  A shadow imp (D:5)
  3 white imps
  2 dart slugs
  3 ribbon worms
  37 orcs
  3 bats
  2 endoplasms
  5 giant cockroaches
  4 gnoll zombies (D:12)
  8 goblins
  4 hobgoblins
  5 jackals
  7 kobolds
  6 quokkas
  8 ball pythons
  4 frilled lizards
  3 gnoll skeletons (D:12)
  5 orc skeletons (D:12)
  13 orc zombies (D:12)
  4 rats
  2 starspawn tentacles (Abyss:2)
480 creatures vanquished.

Vanquished Creatures (collateral kills)
  A bone dragon (Abyss:2)
  Rupert (D:13)
  A tentacled starspawn (D:13)
  A cyclops (D:12)
  Maurice (D:12)
  A rime drake (Lair:2)
  A yak (D:9)
  2 basilisks
  A chaos spawn (D:13)
  2 nagas (Lair:2)
  A killer bee (D:9)
13 creatures vanquished.

Vanquished Creatures (others)
  A quokka (D:8)
  2 kobolds (D:10)
  8 starspawn tentacles
11 creatures vanquished.

Grand Total: 504 creatures vanquished

Notes
Turn   | Place    | Note
-------+----------+-------------------------------------------
     0 | D:1      | Gargoyl the Gargoyle Berserker began the quest for the Orb.
     0 | D:1      | Reached XP level 1. HP: 14/14 MP: 1/1
   172 | D:1      | Reached XP level 2. HP: 15/19 MP: 2/2
   246 | D:1      | Reached skill level 3 in Axes
   660 | D:2      | Found Qiko's Distillery.
   719 | D:2      | Reached XP level 3. HP: 20/24 MP: 3/3
   900 | D:2      | Reached ** piety under Trog
   952 | D:2      | Reached XP level 4. HP: 14/29 MP: 4/4
  1079 | D:2      | Found a faded altar of an unknown god.
  1543 | D:3      | Found a sparkling altar of Nemelex Xobeh.
  1864 | D:3      | Reached XP level 5. HP: 33/33 MP: 5/5
  1931 | D:3      | Reached skill level 4 in Axes
  1998 | D:3      | Noticed Sigmund
  2004 | D:3      | Killed Sigmund
  2005 | D:3      | Reached XP level 6. HP: 39/39 MP: 6/6
  2296 | D:3      | You fall into a shaft and drop 3 floors!
  2320 | D:6      | Found a runed translucent gate.
  2321 | D:6      | Found a runed translucent gate.
  2322 | D:6      | Found a runed translucent gate.
  2347 | D:5      | Entered Level 5 of the Dungeon
  2486 | D:4      | Reached skill level 5 in Axes
  2573 | D:4      | Found a blossoming altar of Fedhas.
  2679 | D:4      | Reached XP level 7. HP: 34/44 MP: 5/7
  2815 | D:4      | Reached *** piety under Trog
  2833 | D:4      | Reached skill level 5 in Fighting
  2998 | D:4      | Found an opulent altar of Gozag.
  3470 | D:5      | Reached skill level 6 in Axes
  3557 | D:5      | Noticed a yak
  3558 | D:5      | Noticed a yak
  3561 | D:5      | Noticed a yak
  3562 | D:5      | Noticed a yak
  3563 | D:5      | Noticed a yak
  3567 | D:5      | Killed a yak
  3568 | D:5      | Reached skill level 1 in Stealth
  3568 | D:5      | Reached XP level 8. HP: 49/49 MP: 5/8
  3570 | D:5      | Killed a yak
  3578 | D:5      | Killed a yak
  3579 | D:5      | Reached skill level 7 in Axes
  3583 | D:5      | Killed a yak
  3585 | D:5      | Killed a yak
  3746 | D:5      | Noticed a yak
  3746 | D:5      | Noticed a yak
  3746 | D:5      | Noticed a yak
  3749 | D:5      | Noticed a yak
  3751 | D:5      | Noticed a yak
  3751 | D:5      | Noticed a yak
  3756 | D:5      | Killed a yak
  3757 | D:5      | Reached skill level 8 in Axes
  3762 | D:5      | Killed a yak
  3763 | D:5      | Reached XP level 9. HP: 56/56 MP: 9/9
  3767 | D:5      | Reached skill level 5 in Armour
  3801 | D:5      | Reached skill level 9 in Axes
  4588 | D:6      | Noticed peterlawrence's ghost (novice MiFi)
  4663 | D:6      | Reached XP level 10. HP: 64/64 MP: 10/10
  4669 | D:6      | Killed peterlawrence's ghost
  4670 | D:6      | Reached skill level 10 in Axes
  4818 | D:7      | Found a staircase to the Ecumenical Temple.
  4952 | D:7      | Found an iron altar of Okawaru.
  5297 | D:8      | Gained mutation: [You are weak. (Str -2)] [potion of
                  | mutation]
  5297 | D:8      | Gained mutation: You expend magic power (3 MP) to
                  | strengthen your wands. [potion of mutation]
  5298 | D:8      | Lost mutation: You expend magic power (3 MP) to strengthen
                  | your wands. [potion of mutation]
  5298 | D:8      | Lost mutation: [You are weak. (Str -2)] [potion of
                  | mutation]
  5298 | D:8      | Gained mutation: You sometimes lose your temper in combat.
                  | [potion of mutation]
  5298 | D:8      | Gained mutation: Your muscles are strong. (Str +4, Int/Dex
                  | -1) [potion of mutation]
  5322 | D:8      | Found a bloodstained altar of Trog.
  5323 | D:8      | Found a broken altar of Ashenzari.
  5373 | D:8      | Found a burning altar of Makhleb.
  5545 | D:8      | Reached **** piety under Trog
  5556 | D:8      | Found a white marble altar of Elyvilon.
  5929 | D:9      | Reached skill level 11 in Axes
  5946 | D:9      | Reached XP level 11. HP: 27/69 MP: 4/11
  6758 | D:10     | Entered Level 10 of the Dungeon
  7044 | D:10     | Found a snail-covered altar of Cheibriados.
  7235 | D:10     | Noticed a two-headed ogre
  7244 | D:10     | Killed a two-headed ogre
  7245 | D:10     | Reached skill level 1 in Shields
  7361 | D:10     | Found a radiant altar of Vehumet.
  7427 | D:10     | Found a staircase to the Lair.
  7608 | Lair:1   | Entered Level 1 of the Lair of Beasts
  8011 | Lair:1   | Reached skill level 12 in Axes
  8047 | Lair:1   | Noticed Gastronok
  8073 | Lair:1   | Killed Gastronok
  8074 | Lair:1   | Reached skill level 5 in Dodging
  8712 | Lair:2   | Found a staircase to the Snake Pit.
  8724 | Lair:2   | Reached XP level 12. HP: 77/77 MP: 10/12
  8825 | Lair:2   | Reached skill level 10 in Fighting
  9081 | Lair:2   | Reached skill level 13 in Axes
  9378 | Lair:2   | Lost mutation: Your muscles are strong. (Str +4, Int/Dex
                  | -1) [potion of mutation]
  9378 | Lair:2   | Lost mutation: You sometimes lose your temper in combat.
                  | [potion of mutation]
  9378 | Lair:2   | Gained mutation: You occasionally shout uncontrollably at
                  | your foes. [potion of mutation]
  9453 | Lair:2   | Reached skill level 5 in Shields
 10175 | Lair:3   | Noticed an eight-headed hydra
 10207 | Lair:3   | Killed an eight-headed hydra
 10271 | Lair:3   | Reached XP level 13. HP: 78/84 MP: 9/13
 10603 | Lair:3   | Reached skill level 1 in Polearms
 10610 | Lair:3   | Reached skill level 14 in Axes
 10742 | Lair:3   | Found a staircase to the Swamp.
 10917 | Lair:3   | Found a shimmering altar of Xom.
 11591 | Lair:4   | Found a viscous altar of Jiyva.
 11591 | Lair:4   | Found a staircase to the Slime Pits.
 11732 | Lair:4   | Noticed Urug
 11744 | Lair:4   | Killed Urug
 11940 | Lair:4   | Reached skill level 10 in Armour
 11948 | Lair:4   | Found a dark tunnel.
 11968 | Volcano  | Entered a volcano
 12497 | Lair:5   | Entered Level 5 of the Lair of Beasts
 12728 | Lair:5   | Reached ***** piety under Trog
 12774 | Lair:5   | Gained mutation: Your large and strong wings let you fly.
                  | [Gargoyle growth]
 12774 | Lair:5   | Reached XP level 14. HP: 85/92 MP: 12/14
 12914 | Lair:5   | Reached skill level 15 in Axes
 13231 | Lair:5   | Reached skill level 1 in Ranged Weapons
 13966 | D:11     | Noticed Sonja
 13988 | D:11     | Killed Sonja
 14477 | D:12     | Noticed Maurice
 14498 | D:12     | Something stole a ring of magical power
 14499 | D:12     | Something stole a +2 vampiric broad axe
 14503 | D:12     | Killed Maurice
 14657 | D:12     | Found a staircase to the Orcish Mines.
 14676 | D:12     | Noticed Nessos
 14714 | D:12     | Killed Nessos
 15501 | D:13     | Identified the ring "Xucw" {^Contam +Blink rC+ Will+ Dex+3}
 15667 | D:13     | Found a one-way gate to the infinite horrors of the Abyss.
 15667 | D:13     | Noticed Ecraohen's ghost (journeyman FoFi)
 15680 | D:13     | Found a gate to the Vaults.
 15903 | D:13     | Noticed Jorgrun
 15903 | D:13     | Noticed Rupert
 15909 | D:13     | Killed Rupert
 15913 | D:13     | Killed Jorgrun
 16142 | D:13     | Found a transporter.
 16146 | D:13     | Noticed a tentacled starspawn
 16147 | D:13     | Noticed a brown very ugly thing
 16152 | D:13     | Noticed a cyan very ugly thing
 16192 | D:13     | Found a transporter.
 16292 | D:13     | Noticed Erolcha
 16301 | D:13     | Killed Erolcha
 16444 | D:13     | Reached skill level 16 in Axes
 16454 | D:13     | Killed Ecraohen's ghost
 16473 | D:13     | Killed a tentacled starspawn
 16491 | D:13     | HP: 4/94 [something (14)]
 16492 | Abyss:2  | Cast into level 2 of the Abyss (deep elf knight)
 16554 | Abyss:2  | Reached XP level 15. HP: 87/99 MP: 15/15
 16568 | Abyss:2  | Noticed a tentacled starspawn
 16574 | Abyss:2  | Killed a tentacled starspawn
 16672 | Abyss:2  | Noticed a tentacled starspawn
 16677 | Abyss:2  | Killed a tentacled starspawn
 16678 | Abyss:2  | Noticed a bone dragon
 16693 | Abyss:2  | Noticed a tentacled starspawn
 16694 | Abyss:2  | Killed a bone dragon
 16707 | Abyss:2  | Killed a tentacled starspawn
 16752 | Abyss:2  | Gained mutation: You have hidden genetic defects. [a
                  | neqoxec]
 16840 | Abyss:2  | Noticed a tentacled starspawn
 16849 | Abyss:2  | Killed a tentacled starspawn
 16859 | D:13     | Escaped the Abyss
 16863 | D:13     | Slain by a brown very ugly thing

Illustrated notes

Levels and vault maps discovered:
D:1:      saegor_arrival_simple_e, layout_basic
D:2:      layout_basic, serial_shops, nicolae_shop_hallway_stairs,
          chequers_ecumenical_altar_simple_redux
D:3:      kennysheep_six_static_rooms, layout_basic,
          nemelex_xobeh_ov_fountains_minmay, kennysheep_potato, uniq_sigmund
D:4:      layout_cave_pods, mainiacjoe_overflow_cross_hatched,
          pf_just_have_faith
D:5:      minmay_chambers_of_threes, layout_basic, cheibrodos_gnoll_hut
D:6:      layout_cave_pools, gammafunk_ghost_icy, st_stairs_4
D:7:      layout_rooms, general_overflow_altar,
          minmay_temple_entry_enclosed_plants, minmay_holes
D:8:      layout_rooms, overflow_temple_1_default, elyvilon_altar_4,
          grunt_temple_overflow_open
D:9:      layout_cave_pools, kennysheep_opposing_triangles
D:10:     layout_loops_ring, fiery_altar_vehumet, chei_slow_surprise,
          kennysheep_mini, lair_entry_dummy
D:11:     layout_rooms, uniq_sonja
D:12:     layout_basic, zombieorc2_lemuel, uniq_maurice, uniq_nessos
D:13:     layout_loops_cross, david_vaults_2, gammafunk_ghost_abyssal_escape,
          kennysheep_cross_room, eino_curves_04, uniq_rupert, uniq_jorgrun,
          uniq_erolcha
Lair:1:   beast_lair_carwin_large_2, layout_cellular_growth, uniq_gastronok
Lair:2:   layout_loops_ring, minmay_snake_entry_guardpost_small,
          dreamdust_mushroom_princess, minmay_hedge_maze,
          infiniplex_staircase_pool_2
Lair:3:   layout_layer_cave, minmay_swamp_entry_worms, basic_altar,
          kennysheep_basilisk_garden
Lair:4:   layout_cave_shapes, dpeg_slime_entry_enclosed,
          nicolae_volcano_entry_vermiform, uniq_urug
Lair:5:   gammafunk_lair_ancient_temple, layout_regular_city

Skill      XL: |  1  2  3  4  5  6  7  8  9 10 11 12 13 14 |
---------------+-------------------------------------------+-----
Axes           | 3 4 5 6 8 9 11 12 13 14 16 | 16.5
Fighting       | 4 5 6 7 8 9 11 12 13 | 13.8
Dodging        | 2 3 4 5 6 |  6.6
Armour         | 3 4 6 7 8 9 10 11 | 11.3
Stealth        | 1 2 |  2.9
Shields        | 3 5 7 9 |  9.9
Polearms       | 2 |  2.1
Ranged Weapons | 1 |  1.0
Throwing       | |  0.3

Action                     |  1- 3 |  4- 6 |  7- 9 | 10-12 | 13-15 || total
---------------------------+-------+-------+-------+-------+-------++-------
  Melee: Hand axe          |   106 |   130 |   253 |   669 |   156 ||  1314
         Punch             |     1 |       |     3 |       |       ||     4
         Trident           |       |       |       |    13 |    19 ||    32
         Broad axe         |       |       |       |       |   616 ||   616
   Fire: Hand cannon       |       |       |       |       |     7 ||     7
  Throw: Dart              |       |       |       |       |     1 ||     1
 Invoke: Berserk           |     1 |     1 |     6 |    10 |     9 ||    27
         Trog's Hand       |       |       |     6 |     8 |    11 ||    25
         Brothers in Arms  |       |       |       |     2 |     6 ||     8
    Use: Scroll            |     7 |     6 |     3 |    14 |     6 ||    36
         Potion            |       |       |     1 |     3 |     6 ||    10
 Armour: Animal skin       |    65 |     1 |       |       |       ||    66
         Scale mail        |       |    93 |   178 |   500 |    25 ||   796
         Chain mail        |       |       |       |       |   644 ||   644
  Dodge: Dodged            |    72 |    79 |   136 |   465 |   516 ||  1268
  Block: Kite shield       |       |       |       |   217 |   526 ||   743

Table legend: (Time is in decaauts)
 A = Elapsed time spent in this place.
 B = Non-inter-level travel time spent in this place.
 C = Inter-level travel time spent in this place.
 D = Time resting spent in this place.
 E = Time spent auto-exploring this place.
 F = Levels seen in this place.
 G = Mean time per level.
                   A        B        C        D        E       F      G
               +--------+--------+--------+--------+--------+-----+--------+
         Total |  16972 |  16521 |    451 |    600 |  11680 |  20 |  848.6 |
       Dungeon |  10429 |  10165 |    264 |    268 |   7387 |  13 |  802.2 |
          Lair |   5727 |   5540 |    187 |    233 |   3912 |   5 | 1145.4 |
         Abyss |    380 |    380 |      0 |     99 |     38 |   1 |  380.0 |
       Volcano |    435 |    435 |      0 |      0 |    342 |   1 |  435.0 |
               +--------+--------+--------+--------+--------+-----+--------+

Top non-repeatable levels by time:
  Lair:3: 1375 daAuts
  Lair:5: 1261 daAuts
  Lair:2: 1152 daAuts
     D:9: 1137 daAuts
  Lair:1: 1090 daAuts
    D:12: 1068 daAuts
    D:13: 1015 daAuts
     D:4: 924 daAuts
    D:10: 866 daAuts
     D:2: 860 daAuts
  Lair:4: 846 daAuts
     D:3: 816 daAuts
     D:6: 803 daAuts
     D:5: 774 daAuts
     D:1: 667 daAuts
